 Dungeon Crawl Stone Soup version 0.24.0-2-g5b39cebb1c (webtiles) character file.

Game seed: 7919264582615162925, levelgen mode: deterministic

118 Aviak the Skirmisher (level 5, -6/46 HPs)
             Began as a Hill Orc Assassin on Oct 31, 2019.
             Killed by nerve-wracking pain
             ... invoked by Menkaure
              (14 damage)
             ... on level 4 of the Dungeon.
             The game lasted 00:04:38 (3379 turns).

Aviak the Skirmisher (Hill Orc Assassin)            Turns: 3379, Time: 00:04:39

Health: -6/46      AC: 11    Str: 15    XL:     5   Next: 2%
Magic:  5/5        EV:  7    Int: 11    God:
Gold:   181        SH:  0    Dex: 12    Spells: 4/4 levels left

rFire    + . .     SeeInvis .   a - +2 war axe (venom)
rCold    . . .     Gourm    .   (no shield)
rNeg     . . .     Faith    .   p - +0 chain mail
rPois    .         Spirit   .   k - +0 helmet
rElec    .         Reflect  .   q - +1 cloak
rCorr    .         Harm     .   (no gloves)
MR       +....                  (no boots)
Stlth    ..........             (no amulet)
HPRegen  0.15/turn              F - ring of protection from fire
MPRegen  0.09/turn              M - ring of protection from magic

@: hasted, very quick
A: no striking features
a: no special abilities


You were on level 4 of the Dungeon.
You were not hungry.

You visited 1 branch of the dungeon, and saw 4 of its levels.

You collected 181 gold pieces.

Inventory:

Hand Weapons
 a - a +2 war axe of venom (weapon)
 v - a +0 hand axe
Missiles
 e - 12 poisoned darts (quivered)
Armour
 k - a +0 helmet (worn)
 p - a +0 chain mail (worn)
 q - a +1 cloak (worn)
Jewellery
 d - a cursed amulet of inaccuracy {unknown}
 F - a ring of protection from fire (left hand)
 M - a ring of protection from magic (right hand)
Scrolls
 g - a scroll of enchant weapon
 t - a scroll of immolation {unknown}
Potions
 b - a potion of berserk rage {unknown}
 c - a potion of lignification {unknown}
 f - 2 potions of haste
 i - a potion of heal wounds {unknown}
 m - a potion of might {unknown}
 n - a potion of agility {unknown}
 u - 2 potions of curing {unknown}
Comestibles
 j - 5 rations


   Skills:
 + Level 4.2 Fighting
   Level 2.0 Short Blades
 + Level 2.2 Axes
 - Level 1.7 Throwing
 + Level 0.0 Armour
 - Level 2.4 Dodging
 - Level 3.2 Stealth


You had 4 spell levels left.
You didn't know any spells.
Your spell library was empty.

Dungeon Overview and Level Annotations

Branches:
Dungeon (4/15)
 Temple: D:4-7

Altars:
Gozag
Trog

Annotations:
D:4 Menkaure


Message History

Menkaure, Prince of Dust comes into view.
Menkaure shouts!
Menkaure is nearby!
Menkaure is nearby!
You slash Menkaure!
Menkaure is moderately damaged.
Menkaure hits you!! Menkaure completely misses you.
You hit Menkaure.
Menkaure is heavily damaged.
Menkaure hits you!
You hit Menkaure but do no damage.
Menkaure is heavily damaged.
Menkaure gestures at you while chanting.
Pain shoots through your body!
* * * LOW HITPOINT WARNING * * *
It was a potion of haste.
You feel yourself speed up.
f - 2 potions of haste;
j - 5 rations Menkaure points at you and mumbles some strange words.
Pain shoots through your body!
You die...

########
#..@M..#
#.####.#
#<# ###


You could see Menkaure.

Vanquished Creatures
  An orc priest (D:4)
  An ooze (D:3)
  6 worms (D:2)
  A dart slug (D:3)
  A leopard gecko (D:2)
  7 orcs
  2 ball pythons
  2 bats
  4 goblins
  3 hobgoblins
  6 jackals (D:3)
  4 frilled lizards
  11 kobolds
  9 rats (D:2)
58 creatures vanquished.

Notes
Turn   | Place    | Note
-------+----------+-------------------------------------------
     0 | D:1      | Aviak the Hill Orc Assassin began the quest for the Orb.
     0 | D:1      | Reached XP level 1. HP: 18/18 MP: 1/1
    79 | D:1      | Reached skill level 1 in Dodging
   368 | D:1      | Reached XP level 2. HP: 25/25 MP: 2/2
   502 | D:1      | Reached skill level 3 in Fighting
  1524 | D:2      | Reached XP level 3. HP: 31/31 MP: 3/3
  1597 | D:2      | Found an opulent altar of Gozag.
  1981 | D:2      | Noticed a moth of wrath
  1984 | D:2      | Found a bloodstained altar of Trog.
  2620 | D:2      | Reached skill level 1 in Axes
  2695 | D:3      | Reached XP level 4. HP: 31/40 MP: 4/4
  3116 | D:3      | Reached skill level 4 in Fighting
  3322 | D:4      | Reached XP level 5. HP: 45/46 MP: 5/5
  3373 | D:4      | Noticed Menkaure
  3379 | D:4      | Killed from afar by Menkaure

Levels and vault maps discovered:
D:1:      lightli_arrival_windingriver, layout_basic
D:2:      layout_rooms, tgw_trog, nicolae_gozag_cash_rules_everything_around_me
D:3:      layout_rooms, first_ration
D:4:      layout_basic, minmay_temple_entry_glass, minmay_checkerbox,
          uniq_menkaure, uniq_eustachio

Skill      XL: |  1  2  3  4 |
---------------+-------------+-----
Dodging        | 1 2 |  2.4
Fighting       | 3 4 |  4.2
Axes           | 1 2 |  2.2
Short Blades   | |  2.0
Throwing       | |  1.7
Stealth        | |  3.2

Action                   |  1- 3 |  4- 6 || total
-------------------------+-------+-------++-------
Melee: Dagger            |    26 |       ||    26
       Short sword       |    90 |       ||    90
       Hand axe          |    75 |     7 ||    82
       War axe           |       |    29 ||    29
  Use: Scroll            |     4 |     1 ||     5
       Potion            |       |     1 ||     1
 Stab: Sleeping          |     2 |     1 ||     3
  Eat: Chunk             |     6 |     2 ||     8
Armor: Robe              |     3 |       ||     3
       Leather armour    |    50 |     7 ||    57
Dodge: Dodged            |   100 |    25 ||   125
